AoeStats
← Snakett

Oasis

509667004Analyzed
2v2 RM · 4d ago on Sep 27, 2026· 32m 11s· 4 players
Game mode
Random Map
Map size
Medium (4 player)
Population
200
Speed
Normal
Resources
Standard
Victory
Conquest
Starting age
Dark Age
Ending age
Imperial Age
RankedLock teamsTeams togetherTeam positionsShared explorationLock speedFull tech treeHidden civsTurbo modeCheats
Victory
Defeat
🇵🇪 Mongols · Peru
1083
+17
🇵🇪 Franks · Peru
1081
+16
🇧🇷 Franks · Brazil
1110
-17
🇫🇷 Persians · France
1080
-16
uselessplayer
10:34 Feudal Age
11:01 Loom
11:55 Town Watch
12:01 Double-Bit Axe
13:34 Wheelbarrow
15:32 Castle Age
13:44 Horse Collar
18:46 Wheelbarrow
18:46 Bloodlines
18:37 Husbandry
18:49 Forging
19:33 Hand Cart
26:22 Bow Saw
26:14 Heavy Plow
26:11 Gold Mining
26:14 Stone Mining
29:35 Gold Shaft Mining
29:37 Stone Shaft Mining
32:02 Fletching
32:26 Padded Archer Armor
CaOk_Emerson
6:58 Loom
10:29 Feudal Age
17:51 Castle Age
16:00 Double-Bit Axe
16:56 Gold Mining
18:31 Scale Barding Armor
21:44 Pikeman
24:11 Scale Mail Armor
25:50 Chain Mail Armor
29:02 Fletching
30:30 Bodkin Arrow
Snakett
11:25 Feudal Age
11:02 Loom
16:41 Castle Age
14:56 Double-Bit Axe
16:23 Forging
19:03 Gold Mining
19:49 Husbandry
19:57 Pikeman
20:55 Scale Mail Armor
22:20 Squires
22:06 Arson
24:46 Iron Casting
28:49 Chain Mail Armor
29:38 Bow Saw
30:48 Elite Skirmisher
32:06 Scale Barding Armor
ShalonPe
3:24 Loom
9:51 Feudal Age
11:26 Double-Bit Axe
12:59 Horse Collar
21:02 Castle Age
18:49 Loom
23:17 Gold Mining
25:20 Wheelbarrow
24:31 Town Watch
25:52 Bow Saw
25:54 Pikeman
30:17 Town Patrol
31:09 Hand Cart
34:51 Imperial Age
32:34 Fletching
Connection lost

Rejoining the realm…

Still unreachable

The connection could not be restored.

Session expired

The server has moved on; the page needs a fresh start.